 Dungeon Crawl Stone Soup version 0.29-a0-330-g52719c12eb (webtiles) character file.

Game seed: 16017776182616224149

526 Anon1729 the Skirmisher (level 7, 0/58 (62) HPs)
             Began as a Minotaur Monk on May 7, 2022.
             Was a Believer of Ru.
             Killed by nerve-wracking pain
             ... invoked by an orc priest
              (2 damage)
             ... on level 7 of the Dungeon.
             The game lasted 00:03:55 (5209 turns).

Anon1729 the Skirmisher (Minotaur Monk)             Turns: 5209, Time: 00:03:55

HP:   0/58 (62)     AC:  2    Str: 13    XL:     7   Next: 2%
MP:   6/6           EV: 14    Int:  7    God:    Ru [**....]
Gold: 195           SH:  0    Dex: 15    Spells: 6/6 levels left

rFire   . . .      SeeInvis .   a - +0 falchion
rCold   . . .      Faith    .   (no shield)
rNeg    + . .      Spirit   .   i - +0 robe {Archmagi}
rPois   .          Reflect  .   (helmet restricted)
rElec   .          Harm     .   (no cloak)
rCorr   +          Rampage  .   (no gloves)
Will    .....      Archmagi +   (no boots)
Stlth   +.........              (no amulet)
HPRegen 0.19/turn               d - ring of resist corrosion
MPRegen 0.10/turn               n - ring of positive energy

@: confused, ambrosia-drunk, flying, drained
A: horns 2, weak 1, no air magic, no conjurations magic, no transmutations
magic, retaliatory headbutt
a: Renounce Religion


You were on level 7 of the Dungeon.
You worshipped Ru.
Ru was pleased with you.
You visited 1 branch of the dungeon, and saw 6 of its levels.

You collected 195 gold pieces.

Inventory:

Hand Weapons
 a - a +0 falchion (weapon)
Armour
 b - a +0 robe
 i - a +0 robe of the Archmagi (worn)
 l - a +0 leather armour
Jewellery
 d - a ring of resist corrosion (left hand)
 n - a ring of positive energy (right hand)
 s - a ring of ice
Scrolls
 e - 3 scrolls of identify {unknown}
 f - 2 scrolls of magic mapping {unknown}
 h - a scroll of enchant armour {unknown}
 j - 3 scrolls of amnesia {unknown}
 k - a scroll of acquirement {unknown}
 o - 4 scrolls of fog
 q - a scroll of vulnerability {unknown}
 r - 2 scrolls of blinking {unknown}
 u - a scroll of noise {unknown}
 v - a scroll of immolation {unknown}
 x - a scroll of enchant weapon {unknown}
 y - a scroll of teleportation {unknown}
Potions
 c - a potion of ambrosia
 g - a potion of attraction {unknown}
 m - a potion of flight
 p - a potion of cancellation {unknown}
 t - a potion of brilliance {unknown}
 w - a potion of heal wounds {unknown}


   Skills:
 + Level 5.7 Fighting
 + Level 5.7 Long Blades
 + Level 5.2 Dodging
 + Level 3.6 Stealth


You had 6 spell levels left.
You didn't know any spells.
Your spell library contained the following spells:

 Spells                   Type           Power      Damage    Failure   Level
 Beastly Appendage        Tmut           Unusable   N/A       N/A         1
 Corpse Rot               Necr/Air       Unusable   N/A       N/A         2
 Poisonous Vapours        Pois/Air       Unusable   N/A       N/A         2
 Wereblood                Tmut           Unusable   N/A       N/A         2
 Spider Form              Tmut/Pois      Unusable   N/A       N/A         3

Dungeon Overview and Level Annotations

Branches:
Dungeon (5/15)
 Temple: D:4-7

Altars:
Elyvilon
Ru
Trog

Annotations:
D:5 Blork the orc


Innate Abilities, Weirdness & Mutations

You have a pair of horns on your head.
You are weak. (Str -2)
You cannot study or cast Air magic.
You cannot study or cast Conjurations magic.
You cannot study or cast Transmutations magic.
You reflexively headbutt those who attack you in melee.


Message History

The orc wizard is wielding a +1 dagger of holy wrath.
The orc wizard shouts!
You hear a shout! x2
The orc wizard begins to cast a spell, but is stunned by your conviction!
The orc priest shouts!
The orc wizard casts a spell at you. The puff of flame hits you!
An orc priest comes into view. It is wielding a +0 short sword.
The orc priest shouts!
The orc misses you.
The orc wizard mumbles some strange words.
The orc wizard flickers and vanishes!
Deactivating autopickup; reactivate with Ctrl-A.
The orc priest reads a scroll.
Wisps of shadow swirl around the orc priest.
The orc priest invokes the aid of Beogh against you.
Pain shoots through your body!
As you read the scroll labelled JESTIMAYLY, it crumbles to dust.
The scroll dissolves into smoke.
It was a scroll of fog.
The orc hits you with a +0 dagger. The wight hits you with a +3 halberd!
* * * LOW HITPOINT WARNING * * *
You partially resist.
You feel drained. The wight closely misses you.
The orc priest is stunned by your conviction and fails to attack.
Okay, then.
Okay, then.
You are confused.
You feel invigorated. The orc closely misses you.
The wight hits you with a +3 halberd!
* * * LOW HITPOINT WARNING * * *
You partially resist.
You feel drained.
* * * LOW HITPOINT WARNING * * *
The orc priest hits you but does no damage.
The wight completely misses you.
It was a potion of flight.
You feel very buoyant.
You fly up into the air.
The orc hits you with a +0 dagger.
* * * LOW HITPOINT WARNING * * *
The wight barely misses you. x2
The orc priest mumbles some strange prayers to Beogh against you.
Pain shoots through your body!
You die...

#.. ... #.. #
#.# #. #.#
o### #.# {z#
#.# #o# #.#
##@########.#
#ozz§.......#
#§§§§########
#....# ######


You could see 3 wights, an orc priest and an orc.

Vanquished Creatures
  A scorpion (D:4)
  3 hounds
  A gnoll shaman (D:4)
  4 orc priests
  Jessica (D:3)
  7 gnolls
  4 adders
  A shadow imp (D:4)
  2 worms
  3 dart slugs
  9 orcs
  9 bats
  5 endoplasms
  5 giant cockroaches
  6 goblins
  6 hobgoblins
  5 kobolds
  5 quokkas
  4 ball pythons
  3 frilled lizards
  6 rats
90 creatures vanquished.

Notes
Turn   | Place    | Note
-------+----------+-------------------------------------------
     0 | D:1      | Anon1729 the Minotaur Monk began the quest for the Orb.
     0 | D:1      | Reached XP level 1. HP: 19/19 MP: 0/0
   153 | D:1      | Reached XP level 2. HP: 27/27 MP: 1/1
   621 | D:1      | Found a faded altar of an unknown god.
   639 | D:1      | Prayed at the altar of an unknown god.
   639 | D:1      | Became a worshipper of Ru the Awakened
   654 | D:1      | Gained mutation: You are weak. (Str -2) [Ru sacrifice]
  1106 | D:2      | Reached XP level 3. HP: 28/33 MP: 2/2
  1361 | D:2      | Reached XP level 4. HP: 37/41 MP: 3/3
  2061 | D:3      | Noticed Jessica
  2066 | D:3      | Killed Jessica
  2067 | D:3      | Reached XP level 5. HP: 47/47 MP: 4/4
  2459 | D:3      | Found a white marble altar of Elyvilon.
  2459 | D:3      | Found a bloodstained altar of Trog.
  3274 | D:4      | Gained mutation: You cannot study or cast Air magic. [Ru
                  | sacrifice]
  3274 | D:4      | Gained mutation: You cannot study or cast Transmutations
                  | magic. [Ru sacrifice]
  3274 | D:4      | Gained mutation: You cannot study or cast Conjurations
                  | magic. [Ru sacrifice]
  3274 | D:4      | Reached * piety under Ru
  3274 | D:4      | Reached ** piety under Ru
  3304 | D:3      | Reached skill level 5 in Fighting
  3304 | D:3      | Reached skill level 5 in Long Blades
  3665 | D:4      | Reached XP level 6. HP: 22/56 MP: 5/5
  4304 | D:4      | Reached skill level 5 in Dodging
  5015 | D:5      | Entered Level 5 of the Dungeon
  5073 | D:5      | Noticed Blork the orc
  5083 | D:5      | Reached XP level 7. HP: 43/62 MP: 6/6
  5095 | D:5      | You fall into a shaft and drop 2 floors!
  5208 | D:7      | HP: 3/60 [wight/+3 halberd[an orc priest] (9)]
  5209 | D:7      | Killed from afar by an orc priest

Illustrated notes

Levels and vault maps discovered:
D:1:      dpeg_arrival_rhombi, layout_basic,
          ebering_ecumenical_altar_sacrificial, minmay_pentomino_x2
D:2:      layout_basic
D:3:      layout_loops_ring, amethyst_overflow_temple_binary,
          kennysheep_jessica_study
D:4:      layout_basic, chequers_serial_rivers_marsh
D:5:      layout_cave_pools, minmay_a_box_with_orc_wizards_in_it,
          uniq_blork_the_orc
D:7:      layout_loops_cross, lemuel_coloured_pillars_altar,
          minmay_temple_entry_nine_rooms, enter_bailey_2

Skill      XL: |  1  2  3  4  5  6 |
---------------+-------------------+-----
Fighting       | 4 5 |  5.7
Stealth        | 2 3 |  3.6
Long Blades    | 4 5 |  5.7
Dodging        | 4 5 |  5.2

Action                   |  1- 3 |  4- 6 |  7- 9 || total
-------------------------+-------+-------+-------++-------
Melee: Falchion          |    59 |   172 |     2 ||   233
       Headbutt          |    11 |    30 |     1 ||    42
       Punch             |     1 |     2 |       ||     3
Invok: Sacrifice Purity  |     1 |       |       ||     1
       Sacrifice Arcana  |       |     1 |       ||     1
  Use: Potion            |       |       |     2 ||     2
       Scroll            |       |       |     1 ||     1
 Stab: Sleeping          |     1 |    12 |       ||    13
       Distracted        |       |     1 |       ||     1
Armor: Robe              |    17 |    12 |     1 ||    30
Dodge: Dodged            |    45 |   112 |     8 ||   165

Table legend: (Time is in decaauts)
 A = Elapsed time spent in this place.
 B = Non-inter-level travel time spent in this place.
 C = Inter-level travel time spent in this place.
 D = Time resting spent in this place.
 E = Time spent auto-exploring this place.
 F = Levels seen in this place.
 G = Mean time per level.
                   A        B        C        D        E       F      G
               +--------+--------+--------+--------+--------+-----+--------+
         Total |   5231 |   5100 |    131 |   1472 |   2953 |   6 |  871.8 |
       Dungeon |   5231 |   5100 |    131 |   1472 |   2953 |   6 |  871.8 |
               +--------+--------+--------+--------+--------+-----+--------+

Top non-repeatable levels by time:
     D:3: 1751 daAuts
     D:4: 1254 daAuts
     D:2: 1033 daAuts
     D:1: 998 daAuts
     D:7: 113 daAuts
     D:5: 80 daAuts
